 Dungeon Crawl Stone Soup version 0.25-b1-50-g7b83aa72e5 (webtiles) character file.

Game seed: 12352058907410987622

548 OnlyL the Magician (level 7, -1/43 HPs)
             Began as an Octopode Wizard on June 12, 2020.
             Was an Initiate of Sif Muna.
             Killed from afar by an orc wizard (15 damage)
             ... with a puff of flame
             ... on level 5 of the Dungeon.
             The game lasted 00:24:13 (8206 turns).

OnlyL the Magician (Octopode Wizard)                Turns: 8206, Time: 00:24:13

Health: -1/43      AC:  1    Str:  7    XL:     7   Next: 28%
Magic:  5/14       EV: 13    Int: 22    God:    Sif Muna [......]
Gold:   159        SH:  0    Dex: 10    Spells: 5/16 levels left

rFire    . . .     SeeInvis .     - Unarmed
rCold    . . .     Gourm    .   (no shield)
rNeg     + . .     Faith    .   a - +0 hat
rPois    .         Spirit   .   b - amulet of regeneration
rElec    .         Reflect  .   k - ring of positive energy
rCorr    .         Harm     .   (no ring)
MR       .....                  (no ring)
Stlth    +++.......             (no ring)
HPRegen  0.54/turn              (no ring)
MPRegen  0.14/turn              (no ring)
                                (no ring)
                                (no ring)

@: very slightly contaminated
A: almost no armour, stealthy swim, amphibious, 8 rings, constrict 8, camouflage
1, gelatinous body 1
a: Renounce Religion


You were on level 5 of the Dungeon.
You worshipped Sif Muna.
Sif Muna was noncommittal.
You were not hungry.

You visited 2 branches of the dungeon, and saw 6 of its levels.

You collected 159 gold pieces.

Inventory:

Armour
 a - a +0 hat (worn)
Jewellery
 b - an amulet of regeneration (around mantle)
 k - a ring of positive energy (left tentacle)
Wands
 l - a wand of polymorph (17)
Scrolls
 d - 2 scrolls of magic mapping
 f - 3 scrolls of remove curse
 g - 2 scrolls of teleportation {unknown}
 n - a scroll of enchant weapon
 q - a scroll of fear
 s - a scroll of blinking
Potions
 e - a potion of curing
 h - a potion of degeneration {unknown}
 i - a potion of mutation {unknown}
 j - a potion of stabbing {unknown}
 m - 2 potions of heal wounds {unknown}
 o - a potion of cancellation {unknown}
Comestibles
 c - 10 rations


   Skills:
 + Level 1.2 Fighting
 + Level 2.8 Dodging
 - Level 3.6 Stealth
 + Level 1.6 Unarmed Combat
 + Level 5.0 Spellcasting
 + Level 3.3 Conjurations
 + Level 3.1 Summonings
 + Level 1.2 Translocations


You had 5 spell levels left.
You knew the following spells:

 Your Spells              Type           Power        Failure   Level  Hunger
a - Magic Dart            Conj           ###.         2%          1    None
b - Blink                 Tloc           N/A          9%          2    None
c - Call Imp              Summ           ###.....     4%          2    None
d - Mephitic Cloud        Conj/Pois/Air  ##......     19%         3    ##.....
e - Conjure Flame         Conj/Fire      ##......     16%         3    ##.....

Your spell library contained the following spells:

 Spells                   Type           Power        Failure   Level  Hunger
 Slow                     Hex            #.......     16%         2    None


Dungeon Overview and Level Annotations

Branches:
Dungeon (5/15)             Temple (1/1) D:4

Altars:
Ashenzari
Dithmenos
Elyvilon
Hepliaklqana
Qazlal
Sif Muna
Trog
Uskayaw
Vehumet
Xom
The Shining One
Lugonu

Portals:
Abyss: D:1

Annotations:
D:2 1 runed translucent door, Crazy Yiuf
D:5 1 transporter


Innate Abilities, Weirdness & Mutations

You cannot wear most types of armour.
You are very stealthy in the water. (Stealth+)
You are amphibious.
You can wear up to eight rings at the same time.
You can use your tentacles to constrict eight enemies at once.
Your skin changes colour to match your surroundings (Stealth+).
Your rubbery body absorbs attacks. (AC +1, EV +1)


Message History

You closely miss something. You closely miss something.
A magic dart appears from out of thin air!
The magic dart hits you! Something hits you.
You swap places.
Something hits you.
Your crimson imp blinks!
A magic dart appears from out of thin air!
The magic dart hits you.
Casting: Call Imp (safe; 4% risk of failure)
Confirm with . or Enter, or press ? or * to list all spells.
You miscast Blink.
You are very lightly contaminated with residual magic.
Nothing appears to happen.
Your crimson imp blinks!
Casting: Blink (safe; 9% risk of failure)
Confirm with . or Enter, or press ? or * to list all spells.
You blink.
A puff of flame appears from out of thin air!
The puff of flame hits you!
You die...

...........#########o.#
#.# ..........## #..## #.#
....####...# #...# ##..
...## #...# #...## #...
...# ##..## #....# ###...
##.# #..§## #.o..####.....
.#.. ##.§.{###
##......#......
#.......####..........####
#.....##o..@....##......##
....5##
####o.#####..)....# ...##
#..# ##.......# ... #..#
#.).....^.# #. #..#
##.........#
#..###)>...#.....#
##..##....###.....#
####........## ......
#.>..........# ..####


You could see 2 orcs.

Vanquished Creatures
  A scorpion (D:5)
  A crimson imp (D:5)
  An orc wizard (D:4)
  A hound (D:3)
  A bullfrog skeleton (D:4)
  An iguana (D:2)
  A hound skeleton (D:5)
  7 adders
  4 gnolls (D:2)
  2 adder skeletons
  A worm (D:2)
  2 dart slugs (D:1)
  2 leopard geckos (D:1)
  11 orcs
  4 giant cockroaches (D:1)
  10 goblins
  7 hobgoblins
  5 jackals
  10 kobolds
  4 quokkas
  A ball python (D:2)
  6 bats
  4 frilled lizards
  A jackal skeleton (D:5)
  A jackal zombie (D:5)
  8 rats
97 creatures vanquished.

Vanquished Creatures (collateral kills)
  3 howler monkeys (D:4)
  2 orc wizards (D:4)
  An adder (D:3)
  2 orcs (D:4)
  A frilled lizard (D:5)
9 creatures vanquished.

Grand Total: 106 creatures vanquished

Notes
Turn   | Place    | Note
-------+----------+-------------------------------------------
     0 | D:1      | OnlyL the Octopode Wizard began the quest for the Orb.
     0 | D:1      | Reached XP level 1. HP: 11/11 MP: 4/4
   176 | D:1      | Reached XP level 2. HP: 17/17 MP: 0/6
   245 | D:1      | Learned a level 2 spell: Blink
   248 | D:1      | Learned a level 2 spell: Call Imp
   262 | D:1      | Found a one-way gate to the infinite horrors of the Abyss.
   262 | D:1      | Found a corrupted altar of Lugonu.
   361 | D:1      | Noticed a demonic crawler
   362 | D:1      | Noticed a demonic crawler
   989 | D:1      | Reached XP level 3. HP: 21/21 MP: 6/8
  2083 | D:2      | Reached skill level 1 in Unarmed Combat
  2088 | D:2      | Reached XP level 4. HP: 15/27 MP: 2/9
  2496 | D:2      | HP: 1/27 [iguana (3)]
  3118 | D:2      | Reached skill level 4 in Spellcasting
  3752 | D:2      | Reached XP level 5. HP: 21/32 MP: 5/11
  3997 | D:2      | Learned a level 3 spell: Mephitic Cloud
  4001 | D:2      | Learned a level 3 spell: Conjure Flame
  4070 | D:2      | Found a shattered altar of Ashenzari.
  4514 | D:2      | Found a runed translucent door.
  4515 | D:2      | Noticed Crazy Yiuf
  4837 | D:3      | Found a faded altar of an unknown god.
  5897 | D:4      | Reached skill level 1 in Fighting
  5897 | D:4      | Reached XP level 6. HP: 28/38 MP: 1/12
  6900 | D:4      | Found a staircase to the Ecumenical Temple.
  6907 | Temple   | Entered the Ecumenical Temple
  7413 | D:4      | You fall into a shaft and drop 1 floor!
  7413 | D:5      | Entered Level 5 of the Dungeon
  7414 | D:5      | Noticed a troll
  7469 | D:4      | Found a shimmering blue altar of Sif Muna.
  7472 | D:4      | Became a worshipper of Sif Muna the Loreminder
  7672 | D:5      | Reached skill level 5 in Spellcasting
  7672 | D:5      | Reached XP level 7. HP: 43/43 MP: 9/14
  7974 | D:5      | HP: 2/43 [orc wizard/magic dart (8)]
  7976 | D:5      | Found a transporter.
  8206 | D:5      | Killed from afar by an orc wizard

Illustrated notes

Levels and vault maps discovered:
D:1:      erik_arrival_cave_to_civilisation [erik_arrival_cave_to_temple],
          layout_loops_ring, st_stairs_7
D:2:      layout_rooms, nicolae_overflow_hidden_temple, grunt_ministairs_9,
          kennysheep_generic_room_3, uniq_crazy_yiuf_cottage
D:3:      layout_basic, chequers_ecumenical_altar_grove
D:4:      layout_cave_pools, lemuel_doored_altar,
          minmay_temple_entry_junction_2, first_ration
D:5:      layout_layer_cave, gammafunk_temple_overflow_pools,
          gammafunk_ghost_stat_death, uniq_ijyb
Temple:   compressed_dpeg_triangle_lava_temple

Skill      XL: |  1  2  3  4  5  6  7 |
---------------+----------------------+-----
Stealth        | 3 |  3.6
Unarmed Combat | 1 |  1.6
Spellcasting   | 4 5 |  5.0
Conjurations   | 2 3 |  3.3
Fighting       | 1 |  1.2
Summonings     | 2 3 |  3.1
Dodging        | |  2.8
Translocations | |  1.2

Action                   |  1- 3 |  4- 6 |  7- 9 || total
-------------------------+-------+-------+-------++-------
Melee: Unarmed           |    56 |    47 |    19 ||   122
       Constrict         |    14 |    12 |     4 ||    30
       Tentacles         |     9 |     6 |     4 ||    19
 Cast: Magic Dart        |    63 |   180 |    43 ||   286
       Call Imp          |     1 |    21 |     6 ||    28
       Blink             |       |    14 |     2 ||    16
       Mephitic Cloud    |       |       |     1 ||     1
  Use: Scroll            |       |     7 |       ||     7
       Potion            |       |       |     2 ||     2
 Stab: Sleeping          |     2 |     3 |       ||     5
  Eat: Chunk             |     3 |    13 |     3 ||    19
       Ration            |       |     1 |       ||     1
Armor: Skin              |     4 |     9 |     1 ||    14
Dodge: Dodged            |    30 |    90 |    12 ||   132
